TL
AMARILLO GOLD SOX @ DALLAS-FORT WORTH RANGERS
04/28/1981
 
TOP OF THE 1ST
Amarillo Gold Sox batting - Pitching for Dallas-Fort Worth Rangers : RHP Danny Cox
Pitching: RHP Danny Cox
Batting: SHB Mike Felder 0-0: Ball
1-0: Ball
2-0: Ball
3-0: Called Strike
3-1: Swinging Strike
3-2: Fly out, F6 (Flyball, 56D, EV 78.8 MPH)
Batting: RHB Adam Veldman 0-0: Ball
1-0: SINGLE (Line Drive, 7S, EV 100.6 MPH)
Batting: LHB Ernie Riles 0-0: SINGLE (Line Drive, 7S, EV 94.4 MPH)
Adam Veldman to second
Batting: RHB Bill Pecota 0-0: Ball
1-0: Ball
2-0: Ball
3-0: Base on Balls
Adam Veldman to third
Ernie Riles to second
Batting: LHB Hector Arroyo 0-0: Swinging Strike
0-1: Fly out, F2 (Popup, 25F, EV 86.3 MPH)
Batting: RHB Todd Smith 0-0: Called Strike
0-1: Ball
1-1: Called Strike
1-2: Ball
2-2: Strikes out swinging
Top of the 1st over - 0 runs, 2 hits, 0 errors, 3 left on base; Amarillo 0 - Dallas-Fort Worth 0
BOTTOM OF THE 1ST
Dallas-Fort Worth Rangers batting - Pitching for Amarillo Gold Sox : LHP Gregg Lorenz
Pitching: LHP Gregg Lorenz
Batting: RHB Phil Bradley 0-0: Foul Ball, location: 3F, Error on foul ball, E3
0-1: Ball
1-1: Ball
2-1: Ball
3-1: Foul Ball, location: 2F
3-2: Foul Ball, location: 2F
3-2: Fly out, F8 (Flyball, 8RD, EV 100.0 MPH)
Batting: RHB Pat Casey 0-0: Ball
1-0: Ball
2-0: Ball
3-0: Foul Ball, location: 2F
3-1: Foul Ball, location: 2F
3-2: Base on Balls
Batting: RHB Joe Carter 0-0: Foul Ball, location: 2F
0-1: Ball
1-1: Fly out, F7 (Flyball, 7, EV 85.6 MPH)
Batting: RHB Dave Miele 0-0: Called Strike
0-1: Ball
1-1: Ball
2-1: Ball
3-1: Base on Balls
Pat Casey to second
Batting: RHB Dave Aponte 0-0: Ball
1-0: Fielders Choice at 2nd, 5-4 (Groundball, 56, EV 86.9 MPH)
Bottom of the 1st over - 0 runs, 0 hits, 1 error, 2 left on base; Amarillo 0 - Dallas-Fort Worth 0
TOP OF THE 2ND
Amarillo Gold Sox batting - Pitching for Dallas-Fort Worth Rangers : RHP Danny Cox
Batting: LHB Glenn Arnett 0-0: Called Strike
0-1: Swinging Strike
0-2: Strikes out swinging
Batting: RHB Andrew Barbee 0-0: Ball
1-0: Called Strike
1-1: Foul Ball, location: 2F
1-2: Foul Ball, location: 2F
1-2: Foul Ball, location: 2F
1-2: Ball
2-2: Strikes out looking
Batting: RHB Vic Alvarado 0-0: Called Strike
0-1: Ball
1-1: Swinging Strike
1-2: DOUBLE (Line Drive, 89M, EV 93.8 MPH)
Batting: SHB Mike Felder 0-0: Foul Ball, location: 2F
0-1: Ball
1-1: Ground out 3-1 (Groundball, 34S, EV 74.4 MPH)
Top of the 2nd over - 0 runs, 1 hit, 0 errors, 1 left on base; Amarillo 0 - Dallas-Fort Worth 0
BOTTOM OF THE 2ND
Dallas-Fort Worth Rangers batting - Pitching for Amarillo Gold Sox : LHP Gregg Lorenz
Batting: LHB Garcia Gutierrez 0-0: Fly out, F8 (Line Drive, 8LD, EV 92.5 MPH)
Batting: LHB Dustin Hipp 0-0: Swinging Strike
0-1: Ground out 5-3 (Groundball, 56, EV 97.5 MPH)
Batting: LHB Daryl Fazzio 0-0: Foul Ball, location: 2F
0-1: Called Strike
0-2: Ball
1-2: Fly out, F9 (Flyball, 9S, EV 71.3 MPH)
Bottom of the 2nd over - 0 runs, 0 hits, 0 errors, 0 left on base; Amarillo 0 - Dallas-Fort Worth 0
TOP OF THE 3RD
Amarillo Gold Sox batting - Pitching for Dallas-Fort Worth Rangers : RHP Danny Cox
Batting: RHB Adam Veldman 0-0: Fly out, F7 (Flyball, 78M, EV 94.4 MPH)
Batting: LHB Ernie Riles 0-0: Foul Ball, location: 2F
0-1: Ball
1-1: Foul Ball, location: 2F
1-2: SINGLE (Flyball, 3D, EV 95.0 MPH)
Batting: RHB Bill Pecota 0-0: Fly out, F9 (Flyball, 89D, EV 86.9 MPH)
Batting: LHB Hector Arroyo 0-0: Called Strike
0-1: Ball
1-1: Ground out 4-3 (Groundball, 4, EV 86.3 MPH)
Top of the 3rd over - 0 runs, 1 hit, 0 errors, 1 left on base; Amarillo 0 - Dallas-Fort Worth 0
BOTTOM OF THE 3RD
Dallas-Fort Worth Rangers batting - Pitching for Amarillo Gold Sox : LHP Gregg Lorenz
Batting: LHB Rick Leach 0-0: Ball
1-0: Ball
2-0: Called Strike
2-1: Foul Ball, location: 2F
2-2: Ball
3-2: SINGLE (Flyball, 8LS, EV 86.3 MPH)
Batting: RHB Phil Bradley 0-0: Called Strike
0-1: Ball
1-1: Called Strike
1-2: Foul Ball, location: 2F
1-2: Ball
2-2: Ball
3-2: Strikes out swinging
Batting: RHB Pat Casey 0-0: Ball
1-0: Called Strike
1-1: Ball
2-1: Called Strike
2-2: Ball
3-2: Foul Ball, location: 2F
3-2: Foul Ball, location: 2F
3-2: Base on Balls
Rick Leach to second
Batting: RHB Joe Carter 0-0: Called Strike
0-1: Foul Ball, location: 2F
0-2: Ball
1-2: Strikes out swinging
Batting: RHB Dave Miele 0-0: Ball
1-0: Called Strike
1-1: SINGLE (Groundball, 4MS, EV 73.8 MPH) (infield hit)
Rick Leach to third
Pat Casey to second
Batting: RHB Dave Aponte 0-0: Ball
1-0: Foul Ball, location: 2F
1-1: Swinging Strike
1-2: Fly out, F8 (Line Drive, 8LD, EV 93.8 MPH)
Bottom of the 3rd over - 0 runs, 2 hits, 0 errors, 3 left on base; Amarillo 0 - Dallas-Fort Worth 0
TOP OF THE 4TH
Amarillo Gold Sox batting - Pitching for Dallas-Fort Worth Rangers : RHP Danny Cox
Batting: RHB Todd Smith 0-0: Swinging Strike
0-1: Reached on error, E5 (Groundball, 56, EV 101.9 MPH)
Batting: LHB Glenn Arnett 0-0: Ball
1-0: Fly out, F7 (Flyball, 7, EV 86.9 MPH)
Batting: RHB Andrew Barbee 0-0: Swinging Strike
0-1: Ball
1-1: Ball
Wild Pitch!
Todd Smith to second
2-1: Swinging Strike
2-2: Foul Ball, location: 2F
2-2: Foul Ball, location: 2F
2-2: Ball
3-2: Foul Ball, location: 2F
3-2: Fly out, F4 (Popup, 34, EV 73.1 MPH)
Batting: RHB Vic Alvarado 0-0: Called Strike
0-1: Ball
1-1: Called Strike
1-2: Strikes out swinging
Top of the 4th over - 0 runs, 0 hits, 1 error, 1 left on base; Amarillo 0 - Dallas-Fort Worth 0
BOTTOM OF THE 4TH
Dallas-Fort Worth Rangers batting - Pitching for Amarillo Gold Sox : LHP Gregg Lorenz
Batting: LHB Garcia Gutierrez 0-0: Called Strike
0-1: Fly out, F9 (Flyball, 89D, EV 100.0 MPH)
Batting: LHB Dustin Hipp 0-0: Ball
1-0: Fly out, F9 (Flyball, 9LS, EV 87.5 MPH)
Batting: LHB Daryl Fazzio 0-0: Called Strike
0-1: Called Strike
0-2: Ground out 4-3 (Groundball, 4, EV 108.1 MPH)
Bottom of the 4th over - 0 runs, 0 hits, 0 errors, 0 left on base; Amarillo 0 - Dallas-Fort Worth 0
TOP OF THE 5TH
Amarillo Gold Sox batting - Pitching for Dallas-Fort Worth Rangers : RHP Danny Cox
Batting: SHB Mike Felder 0-0: Ball
1-0: Ground out 4-3 (Groundball, 4MS, EV 84.4 MPH)
Batting: RHB Adam Veldman 0-0: Ball
1-0: Foul Ball, location: 2F
1-1: Foul Ball, location: 2F
1-2: Fly out, F7 (Flyball, 78D, EV 86.3 MPH)
Batting: LHB Ernie Riles 0-0: Called Strike
0-1: Ball
1-1: Ground out 5-3 (Groundball, 5, EV 86.3 MPH)
Top of the 5th over - 0 runs, 0 hits, 0 errors, 0 left on base; Amarillo 0 - Dallas-Fort Worth 0
BOTTOM OF THE 5TH
Dallas-Fort Worth Rangers batting - Pitching for Amarillo Gold Sox : LHP Gregg Lorenz
Batting: LHB Rick Leach 0-0: Ball
1-0: Called Strike
1-1: Foul Ball, location: 2F
1-2: Strikes out swinging
Batting: RHB Phil Bradley 0-0: Ball
1-0: Called Strike
1-1: SINGLE (Flyball, 8LS, EV 88.8 MPH)
Batting: RHB Pat Casey 0-0: Foul Ball, location: 2F
0-1: Foul Ball, location: 2F
0-2: Ball
1-2: Strikes out looking
Phil Bradley steals 2nd, throwing error, E2
Phil Bradley to third
Batting: RHB Joe Carter 0-0: Fly out, F9 (Flyball, 9LD, EV 97.5 MPH)
Bottom of the 5th over - 0 runs, 1 hit, 1 error, 1 left on base; Amarillo 0 - Dallas-Fort Worth 0
TOP OF THE 6TH
Amarillo Gold Sox batting - Pitching for Dallas-Fort Worth Rangers : RHP Danny Cox
Batting: RHB Bill Pecota 0-0: Foul Ball, location: 2F
0-1: Ground out 6-3 (Groundball, 6S, EV 95.0 MPH)
Batting: LHB Hector Arroyo 0-0: Ball
1-0: Ball
2-0: Ball
3-0: Called Strike
3-1: Ground out 4-3 (Groundball, 4, EV 95.6 MPH)
Batting: RHB Todd Smith 0-0: Ball
1-0: Ball
2-0: DOUBLE (Flyball, 8LXD, EV 107.5 MPH)
Batting: LHB Glenn Arnett 0-0: Ball
1-0: Foul Ball, location: 2F
1-1: Ground out 4-3 (Groundball, 4M, EV 103.1 MPH)
Top of the 6th over - 0 runs, 1 hit, 0 errors, 1 left on base; Amarillo 0 - Dallas-Fort Worth 0
BOTTOM OF THE 6TH
Dallas-Fort Worth Rangers batting - Pitching for Amarillo Gold Sox : LHP Gregg Lorenz
Batting: RHB Dave Miele 0-0: Swinging Strike
0-1: Ball
1-1: Ground out 6-3 (Groundball, 6S, EV 81.3 MPH)
Batting: RHB Dave Aponte 0-0: Called Strike
0-1: Foul Ball, location: 2F
0-2: Ball
1-2: Fly out, F8 (Flyball, 8LM, EV 86.3 MPH)
Batting: LHB Garcia Gutierrez 0-0: Ball
1-0: Ball
2-0: Foul Ball, location: 2F
2-1: SINGLE (Groundball, 6MD, EV 104.4 MPH)
Batting: LHB Dustin Hipp 0-0: Called Strike
0-1: Fly out, F2 (Popup, 2LF, EV 86.9 MPH)
Bottom of the 6th over - 0 runs, 1 hit, 0 errors, 1 left on base; Amarillo 0 - Dallas-Fort Worth 0
TOP OF THE 7TH
Amarillo Gold Sox batting - Pitching for Dallas-Fort Worth Rangers : RHP Danny Cox
Batting: RHB Andrew Barbee 0-0: Ball
1-0: Swinging Strike
1-1: Swinging Strike
1-2: Strikes out swinging
Batting: RHB Vic Alvarado 0-0: Ball
1-0: Called Strike
1-1: Ball
2-1: Called Strike
2-2: Strikes out swinging
Batting: SHB Mike Felder 0-0: Ball
1-0: Called Strike
1-1: Ball
2-1: Swinging Strike
2-2: Ball
3-2: Strikes out looking
Top of the 7th over - 0 runs, 0 hits, 0 errors, 0 left on base; Amarillo 0 - Dallas-Fort Worth 0
BOTTOM OF THE 7TH
Dallas-Fort Worth Rangers batting - Pitching for Amarillo Gold Sox : LHP Gregg Lorenz
Batting: LHB Daryl Fazzio 0-0: Foul Ball, location: 2F
0-1: Foul Ball, location: 2F
0-2: Ball
1-2: Ground out 3-1 (Groundball, 34, EV 110.6 MPH)
Pitching: LHP Mark Mercer
Batting: LHB Rick Leach 0-0: Ball
1-0: Ball
2-0: Swinging Strike
2-1: Ball
3-1: Fly out, F9 (Line Drive, 9S, EV 93.1 MPH)
Batting: RHB Phil Bradley 0-0: Ball
1-0: Fly out, F3 (Flyball, 3D, EV 90.0 MPH)
Bottom of the 7th over - 0 runs, 0 hits, 0 errors, 0 left on base; Amarillo 0 - Dallas-Fort Worth 0
TOP OF THE 8TH
Amarillo Gold Sox batting - Pitching for Dallas-Fort Worth Rangers : RHP Danny Cox
Batting: RHB Adam Veldman 0-0: Called Strike
0-1: Swinging Strike
0-2: Ground out 5-3 (Groundball, 5, EV 78.1 MPH)
Batting: LHB Ernie Riles 0-0: Ball
1-0: Ball
2-0: Ball
3-0: Called Strike
3-1: Foul Ball, location: 2F
3-2: Base on Balls
Batting: RHB Bill Pecota 0-0: Ball
1-0: Foul Ball, location: 2F
1-1: Foul Ball, location: 2F
1-2: Foul Ball, location: 2F
1-2: Fly out, F8 (Flyball, 8RXD, EV 88.1 MPH)
Batting: LHB Hector Arroyo 0-0: Called Strike
0-1: Ground out 3-1 (Groundball, 34S, EV 76.3 MPH)
Top of the 8th over - 0 runs, 0 hits, 0 errors, 1 left on base; Amarillo 0 - Dallas-Fort Worth 0
BOTTOM OF THE 8TH
Dallas-Fort Worth Rangers batting - Pitching for Amarillo Gold Sox : LHP Mark Mercer
Batting: RHB Pat Casey 0-0: SINGLE (Groundball, 34D, EV 98.8 MPH)
Batting: RHB Joe Carter 0-0: Called Strike
0-1: Called Strike
0-2: Ball
1-2: SINGLE (Line Drive, 4D, EV 99.4 MPH)
Pat Casey to second
Runner from 2nd tries for 3rd, SAFE, no throw by RF
Batting: RHB Dave Miele 0-0: Called Strike
Joe Carter steals 2nd base
0-1: Called Strike
0-2: Foul Ball, location: 2F
0-2: Foul Ball, location: 2F
0-2: Ball
1-2: Foul Ball, location: 2F
1-2: SINGLE (Groundball, 34D, EV 105.0 MPH)
Pat Casey scores
Joe Carter to third
Batting: RHB Dave Aponte 0-0: Fly out, F4 (Popup, 34D, EV 58.1 MPH)
Batting: LHB Garcia Gutierrez 0-0: Ball
1-0: Called Strike
1-1: Ball
2-1: Foul Ball, location: 2F
2-2: Strikes out looking
Pitching: RHP Nelson Torres
Batting: LHB Dustin Hipp 0-0: Ball
1-0: Ball
2-0: Called Strike
2-1: SINGLE (Line Drive, 78M, EV 104.4 MPH)
Joe Carter scores
Dave Miele to second
Batting: LHB Daryl Fazzio 0-0: Ball
1-0: Called Strike
1-1: Swinging Strike
1-2: Ball
2-2: Strikes out looking
Bottom of the 8th over - 2 runs, 4 hits, 0 errors, 2 left on base; Amarillo 0 - Dallas-Fort Worth 2
TOP OF THE 9TH
Amarillo Gold Sox batting - Pitching for Dallas-Fort Worth Rangers : RHP Danny Cox
Now in CF: Mario Delgado
Batting: RHB Todd Smith 0-0: Ground out 4-3 (Groundball, 4M, EV 96.3 MPH)
Batting: LHB Glenn Arnett 0-0: Foul Ball, location: 2F
0-1: Ball
1-1: Foul Ball, location: 2F
1-2: Ball
2-2: Foul Ball, location: 2F
2-2: Foul Ball, location: 2F
2-2: Foul Ball, location: 2F
2-2: Ball
3-2: Foul Ball, location: 2F
3-2: Strikes out swinging
Batting: RHB Andrew Barbee 0-0: Ball
1-0: Called Strike
1-1: Ball
2-1: Ball
3-1: Base on Balls
Batting: RHB Vic Alvarado 0-0: Fly out, F8 (Flyball, 8LXD, EV 95.0 MPH)
Top of the 9th over - 0 runs, 0 hits, 0 errors, 1 left on base; Amarillo 0 - Dallas-Fort Worth 2
Sunday, June 21st, 2020 - OOTP Baseball 21.4 Build 63